 Dungeon Crawl Stone Soup version 0.23.2-40-g277498a001 (webtiles) character file.

Game seed: 3840636303880343175

376 BeastOfSaturn the Covered (level 6, -6/51 HPs)
             Began as a Centaur Fighter on Oct 8, 2019.
             Killed from afar by an orc wizard (9 damage)
             ... with a puff of frost
             ... on level 3 of the Dungeon.
             The game lasted 00:13:49 (2934 turns).

BeastOfSaturn the Covered (Centaur Fighter)         Turns: 2934, Time: 00:13:49

Health: -6/51      AC:  6    Str: 19    XL:     6   Next: 44%
Magic:  6/6        EV:  3    Int:  7    God:
Gold:   92         SH: 13    Dex: 10    Spells: 5/5 levels left

rFire    . . .     SeeInvis .   r - +3 dagger (venom)
rCold    . . .     Gourm    .   g - +0 large shield
rNeg     . . .     Faith    .   b - +0 scale mail
rPois    .         Spirit   .   (no helmet)
rElec    .         Reflect  .   (no cloak)
rCorr    .         Harm     .   (no gloves)
MR       .....                  (no barding)
Stlth    ..........             (no amulet)
HPRegen  0.17/turn              (no ring)
MPRegen  0.10/turn              (no ring)

@: very quick
A: large, hooves 3, deformed body, speed 2, tough skin 3
a: no special abilities


You were on level 3 of the Dungeon.
You were not hungry.

You visited 1 branch of the dungeon, and saw 3 of its levels.

You collected 92 gold pieces.

Inventory:

Hand Weapons
 a - a +0 long sword
 r - a +3 dagger of venom (weapon)
Missiles
 m - 5 tomahawks (quivered)
Armour
 b - a +0 scale mail (worn)
 c - a +0 shield
 g - a +0 large shield (worn)
Jewellery
 d - an uncursed ring of fire
 o - an uncursed amulet of faith {unknown}
Scrolls
 e - a scroll of identify {unknown}
 h - a scroll of remove curse {unknown}
 l - a scroll of fear
 p - a scroll of amnesia {unknown}
 s - a scroll of teleportation {unknown}
 v - a scroll of blinking {unknown}
Potions
 i - a potion of brilliance {unknown}
 j - 2 potions of resistance
 k - a potion of lignification {unknown}
 q - a potion of degeneration {unknown}
 t - a potion of haste {unknown}
 u - a potion of heal wounds {unknown}
 w - a potion of magic {unknown}
Comestibles
 f - 10 rations


   Skills:
 + Level 3.3 Fighting
 * Level 1.2(2.6) Short Blades
 + Level 3.5(3.6) Long Blades
 * Level 3.6 Armour
 + Level 0.5 Dodging
 + Level 0.1 Stealth
 + Level 3.1 Shields


You had 5 spell levels left.
You didn't know any spells.
Your spell library was empty.

Dungeon Overview and Level Annotations

Branches:
Dungeon (3/15)

Altars:
Kikubaaqudgha
Okawaru
Qazlal


Innate Abilities, Weirdness & Mutations

You have hooves in place of feet.
Armour fits poorly on your strangely shaped body.
You cover ground very quickly.
You have extremely tough skin. (AC +3)


Message History

The orc priest calls down the wrath of Beogh upon you.
Beogh smites you!
Your shield and scale mail prevent you from hitting something.
Something hits you but does no damage. Something hits you.
You miss something. Something hits you. Something hits you but does no damage.
You hear some strange, mumbled words.
A puff of frost appears from out of thin air!
The puff of frost hits you!
The orc priest calls upon Beogh to heal the orc.
The orc's wounds heal themselves!
You hear some strange, mumbled words.
A puff of flame appears from out of thin air!
The puff of flame hits you!
* * * LOW HITPOINT WARNING * * *
A puff of flame appears from out of thin air!
The puff of flame hits you!
* * * LOW HITPOINT WARNING * * *
A puff of frost appears from out of thin air!
The puff of frost hits you!
You die...

#.#...###....##..#
#.#..##.##....#..#
#.#(.#...##...#).#
#.##.#....#...'..#
##..#.....(#...'..#
....#.....##...'..#
##.##.....#....#..#
##.#.....##....#..#
..l#...###....##@.#
##.##........##...#
#..#......###..#.#
##.##.#####....#.#
#l.###......#.#.#
##ol.o.##.....#.#
############.#.#
#.#.# #.#.#


There were no monsters in sight!

Vanquished Creatures
  Sigmund (D:2)
  The ghost of sydd the Grasshopper, an amateur GnWr (D:3)
  5 adders
  2 hound simulacra (D:3)
  A white imp (D:3)
  A worm (D:2)
  An adder simulacrum (D:3)
  A dart slug (D:3)
  4 leopard geckos
  2 orcs (D:3)
  2 giant cockroaches
  7 goblins
  5 hobgoblins
  3 jackals (D:1)
  7 kobolds
  2 quokkas (D:2)
  2 ball pythons
  7 bats
  3 frilled lizards
  A giant cockroach simulacrum (D:3)
  A jackal simulacrum (D:3)
  A leopard gecko zombie (D:3)
  8 rats
68 creatures vanquished.

Notes
Turn   | Place    | Note
-------+----------+-------------------------------------------
     0 | D:1      | BeastOfSaturn the Centaur Fighter began the quest for the
                  | Orb.
     0 | D:1      | Reached XP level 1. HP: 19/19 MP: 1/1
   298 | D:1      | Reached XP level 2. HP: 26/26 MP: 2/2
   966 | D:2      | Reached XP level 3. HP: 31/31 MP: 3/3
  1281 | D:2      | Noticed Sigmund
  1690 | D:2      | Reached XP level 4. HP: 38/38 MP: 4/4
  1800 | D:2      | Found an iron altar of Okawaru.
  1801 | D:2      | Found a stormy altar of Qazlal.
  1809 | D:2      | Found an ancient bone altar of Kikubaaqudgha.
  1965 | D:2      | Killed Sigmund
  1965 | D:2      | Reached XP level 5. HP: 32/45 MP: 5/5
  2407 | D:3      | Found a faded altar of an unknown god.
  2464 | D:3      | Found a runed translucent gate.
  2464 | D:3      | Found a runed translucent gate.
  2464 | D:3      | Found a runed translucent gate.
  2483 | D:3      | Noticed sydd's ghost (amateur GnWr)
  2509 | D:3      | Reached XP level 6. HP: 50/51 MP: 6/6
  2538 | D:3      | Killed sydd's ghost
  2538 | D:3      | Reached skill level 1 in Short Blades
  2929 | D:3      | HP: 2/51 [something/puff of flame (7)]
  2934 | D:3      | Killed from afar by an orc wizard

Skill      XL: |  1  2  3  4  5  6 |
---------------+-------------------+-----
Long Blades    | 2 3 |  3.5
Armour         | 3 |  3.6
Shields        | 3 |  3.1
Short Blades   | 1 |  1.2
Fighting       | |  3.3
Dodging        | |  0.5
Stealth        | |  0.1

Action                   |  1- 3 |  4- 6 || total
-------------------------+-------+-------++-------
Melee: Long sword        |   144 |       ||   144
       Kick              |    26 |    18 ||    44
       Dagger            |     6 |    87 ||    93
  Use: Potion            |     2 |     2 ||     4
       Scroll            |     1 |       ||     1
  Eat: Ration            |     1 |     1 ||     2
Armor: Scale mail        |    70 |    20 ||    90
Dodge: Dodged            |    17 |     6 ||    23
Block: Large shield      |   127 |    47 ||   174
       Shield            |     1 |       ||     1
       Rpst.: Long sword |     6 |       ||     6
